 Dungeon Crawl Stone Soup version 0.31-a0-145-g046c7d2549 (webtiles) character file.

Game seed: 15718166416808543591

65 senseless the Shield-Bearer (level 3, -4/33 HPs)
             Began as a Minotaur Fighter on June 6, 2023.
             Was a Believer of Cheibriados.
             Killed from afar by an orc wizard (5 damage)
             ... with a puff of flame
             ... on level 3 of the Dungeon.
             The game lasted 00:02:58 (1442 turns).

senseless the Shield-Bearer (Minotaur Fighter)      Turns: 1442, Time: 00:02:59

Health: -4/33      AC:  7    Str: 27    XL:     3   Next: 92%
Magic:  2/2        EV:  9    Int: 10    God:    Cheibriados [**....]
Gold:   86         SH:  5    Dex: 14    Spells: 2/2 levels left

rFire   . . .        k - +0 war axe (heavy)
rCold   . . .        c - +0 buckler
rNeg    . . .        b - +0 scale mail
rPois   .            (helmet restricted)
rElec   .            (no cloak)
rCorr   .            (no gloves)
SInv    .            (no boots)
Will    .....        (no amulet) Stlth
                     (no ring)
HPRegen 0.25/turn    (no ring)
MPRegen 0.08/turn

%: no passive effects
@: very slow
A: horns 2, retaliatory headbutt
a: Renounce Religion, Bend Time


You were on level 3 of the Dungeon.
You worshipped Cheibriados.
Cheibriados was pleased with you.
You visited 1 branch of the dungeon, and saw 3 of its levels.

You collected 86 gold pieces.

Inventory:

Hand Weapons
 a - a +0 war axe
 k - a +0 heavy war axe (weapon)
Armour
 b - a +0 scale mail (worn)
 c - a +0 buckler (worn)
Wands
 q - a wand of quicksilver (10)
Scrolls
 f - 2 scrolls of teleportation {unknown}
 g - a scroll of poison {unknown}
 h - a scroll of identify {unknown}
 l - a scroll of silence {unknown}
 m - a scroll of brand weapon {unknown}
 o - a scroll of immolation {unknown}
 p - a scroll of amnesia {unknown}
Potions
 d - 2 potions of might
 e - a potion of ambrosia {unknown}
 i - a potion of enlightenment {unknown}
 j - a potion of heal wounds {unknown}
 n - a potion of brilliance {unknown}
 r - a potion of haste {unknown}


   Skills:
 + Level 4.3 Fighting
 + Level 3.2 Axes
 + Level 4.3 Armour
 + Level 4.3 Shields


You had 2 spell levels left.
You didn't know any spells.
Your spell library contained the following spells:

 Spells                   Type           Power      Damage    Failure   Level
 Ensorcelled Hibernation  Hex/Ice        0%         N/A       82%         2
 Ozocubu's Armour         Ice            0%         N/A       96%         3
 Spider Form              Tmut/Pois      0%         N/A       96%         3
 Anguish                  Hex/Necr       0%         N/A       100%        4
 Ozocubu's Refrigeration  Ice            0%         4d7       100%        7


Dungeon Overview and Level Annotations

Branches:
Dungeon (3/15)

Altars:
Cheibriados


Innate Abilities, Weirdness & Mutations

You have a pair of horns on your head.
You reflexively headbutt those who attack you in melee.


Message History

You hear some strange, mumbled words.
You are more confused.
You see here 13 gold pieces.
You're too confused to move!
You hear some strange, mumbled words.
A puff of flame appears from out of thin air!
The puff of flame misses you.
You bump into the rock wall.
Something hits you but does no damage. The orc hits you with a +0 whip.
The orc barely misses you. Something hits you.
You see here a +0 hand axe.
You slash the orc!
You kill the orc!
Cheibriados appreciates the change of pace.
You closely miss something.
You hear some strange, mumbled words.
Something tries to affect you, but you resist.
You hear some strange, mumbled words.
Something tries to affect you, but you resist.
You hit something but do no damage. Your headbutt misses something.
Something hits you. Something hits you but does no damage.
Unknown command.
You bump into the rock wall.
Something hits you.
You closely miss something. Your headbutt misses something. Something hits you.
Something hits you but does no damage.
You barely miss something.
You feel less confused.
You hear some strange, mumbled words.
A puff of flame appears from out of thin air!
The puff of flame hits you. Something hits you but does no damage.
You miss something.
Something hits you but does no damage. x2
You closely miss something.
You hear some strange, mumbled words.
A puff of flame appears from out of thin air!
The puff of flame hits you!
* * * LOW HITPOINT WARNING * * *
You hear some strange, mumbled words.
A puff of flame appears from out of thin air!
The puff of flame hits you.
You die...

#### #... #... #..#
#..## ... #)# #####@#
#...{$#
#####).######.......##
#.......####.........#
##..........+.........+
#..8.P....###........^#
#.......#.# #..8....#
#.###...#.# #8.P..# #.#
#...#.# #8†88#


There were no monsters in sight!

Vanquished Creatures
  2 adders (D:2)
  2 dart slugs
  3 orcs (D:3)
  4 endoplasms
  A goblin (D:2)
  2 hobgoblins (D:1)
  5 quokkas
  5 ball pythons
  3 bats
  5 frilled lizards
  3 kobolds
  4 rats
39 creatures vanquished.

Notes
Turn   | Place    | Note
-------+----------+-------------------------------------------
     0 | D:1      | senseless the Minotaur Fighter began the quest for the Orb.
     0 | D:1      | Reached XP level 1. HP: 19/19 MP: 0/0
    54 | D:1      | Found a faded altar of an unknown god.
    58 | D:1      | Prayed at the altar of an unknown god.
    58 | D:1      | Became a worshipper of Cheibriados the Contemplative
    58 | D:1      | Reached * piety under Cheibriados
   334 | D:1      | Reached XP level 2. HP: 27/27 MP: 1/1
   838 | D:2      | Reached XP level 3. HP: 33/33 MP: 2/2
   898 | D:2      | Reached ** piety under Cheibriados
  1280 | D:2      | You fall into a shaft and drop 1 floor!
  1442 | D:3      | HP: 1/33 [something/puff of flame (11)]
  1442 | D:3      | Killed from afar by an orc wizard

Illustrated notes

Levels and vault maps discovered:
D:1:      minmay_arrival_solitary_statue, layout_basic, serial_glass,
          glass_columns_a, glass_columns_a, glass_columns_a, glass_columns_a,
          glass_columns_b, glass_columns_a, glass_columns_b, glass_columns_b,
          glass_columns_b, glass_columns_a, nicolae_ecumenical_lake_church
D:2:      layout_basic
D:3:      layout_loops_corners, mainiacjoe_overflow_alcove_3, serial_undead,
          serial_undead_c, serial_undead_c, serial_undead_e, serial_undead_e,
          chequers_serial_rivers_large_a, minmay_misc_feat_plants

Skill      XL: |  1  2 |
---------------+-------+-----
Fighting       | 4 |  4.3
Armour         | 4 |  4.3
Shields        | 4 |  4.3
Axes           | 3 |  3.2

Action                     || total
---------------------------++-------
  Melee: War axe           ||    83
         Headbutt          ||    10
 Armour: Scale mail        ||    46
  Dodge: Dodged            ||    45
  Block: Buckler           ||    17

Table legend: (Time is in decaauts)
 A = Elapsed time spent in this place.
 B = Non-inter-level travel time spent in this place.
 C = Inter-level travel time spent in this place.
 D = Time resting spent in this place.
 E = Time spent auto-exploring this place.
 F = Levels seen in this place.
 G = Mean time per level.
                   A        B        C        D        E       F      G
               +--------+--------+--------+--------+--------+-----+--------+
         Total |   1998 |   1943 |     55 |      0 |   1612 |   3 |  666.0 |
       Dungeon |   1998 |   1943 |     55 |      0 |   1612 |   3 |  666.0 |
               +--------+--------+--------+--------+--------+-----+--------+

Top non-repeatable levels by time:
     D:1: 1124 daAuts
     D:2: 702 daAuts
     D:3: 171 daAuts
